 Dungeon Crawl Stone Soup version 0.30.0-20-g3615ddf2f0 (webtiles) character file.

Game seed: 765725432523201106

252 qw the Chopper (level 6, 0/38 HPs)
             Began as a Gargoyle Fighter on June 1, 2023.
             Slain by Pikel
             ... wielding a +1 whip of freezing
              (8 damage)
             ... on level 4 of the Dungeon.
             The game lasted 00:01:31 (2680 turns).

qw the Chopper (Gargoyle Fighter)                   Turns: 2680, Time: 00:01:31

Health: 0/38       AC: 15    Str: 21    XL:     6   Next: 13%
Magic:  6/6        EV:  7    Int:  9    God:
Gold:   108        SH:  4    Dex:  9    Spells: 5/5 levels left

rFire   . . .        Y - +1 war axe
rCold   . . .        c - +0 buckler
rNeg    + + .        i - +0 chain mail
rPois   inf          (no helmet)
rElec   +            b - +0 cloak
rCorr   .            l - +0 pair of gloves
SInv    .            (no boots)
Will    .....        (no amulet) Stlth
                     m - ring of positive energy
HPRegen 0.26/turn    (no ring)
MPRegen 0.10/turn

%: no passive effects
@: no status effects
A: sickness immunity, AC +4, negative energy resistance 1, electricity
resistance, torment resistance 1, petrification resistance
a: no special abilities


You were on level 4 of the Dungeon.
You visited 1 branch of the dungeon, and saw 5 of its levels.

You collected 108 gold pieces.


Innate Abilities, Weirdness & Mutations

You are immune to sickness and miasma.
Your stone body is resilient. (AC +4)
You are immune to poison.
You resist negative energy. (rN+)
You are resistant to electric shocks. (rElec)
You are resistant to unholy torment.
You are immune to petrification.


   Skills:
 - Level 4.3 Fighting
 + Level 5.2 Axes
 - Level 3.2 Armour
 - Level 3.2 Shields


You had 5 spell levels left.
You didn't know any spells.
Your spell library was empty.

Inventory:

Hand Weapons
 a - a +0 flail
 Y - a +1 war axe (weapon)
Armour
 b - a +0 cloak (worn)
 c - a +0 buckler (worn)
 i - a +0 chain mail (worn)
 l - a +0 pair of gloves (worn)
Jewellery
 m - a ring of positive energy (left hand)
Scrolls
 e - a scroll of identify
Potions
 d - a potion of might
 f - 4 potions of attraction
 g - a potion of curing
 h - a potion of heal wounds
 j - a potion of mutation {unknown}

Dungeon Overview and Level Annotations

Branches:
Dungeon (5/15)
 Temple: D:4-7

Altars:
Kikubaaqudgha
Uskayaw
Vehumet

Shops:
D:5 :

Annotations:
D:4 Pikel


Message History

Pikel barely misses you. The lemure closely misses you.
2673 ||| STAIRDANCE The lemure hits you.
Pikel closely misses you. The lemure hits you. You block the lemure's attack.
You climb upwards.
There is a stone staircase leading down here.
You barely miss the lemure.
The lemure is heavily wounded.
You slash the lemure! You slash Pikel! The lemure completely misses you.
The lemure barely misses you. Pikel hits you but does no damage.
You hit the lemure.
You kill the lemure!
That felt strangely unrewarding.
You closely miss the lemure. You barely miss Pikel. The lemure hits you.
Pikel closely misses you. The lemure barely misses you.
Pikel hits you with a +1 whip of freezing.
Pikel freezes you.
You closely miss the lemure.
The lemure is heavily wounded.
You barely miss Pikel. The lemure hits you but does no damage.
Pikel hits you with a +1 whip of freezing!
Pikel freezes you.
You barely miss the lemure.
The lemure is heavily wounded.
You hit Pikel. The lemure hits you. You block Pikel's attack.
You closely miss the lemure.
The lemure is heavily wounded.
You closely miss Pikel. The lemure barely misses you. Pikel barely misses you.
You closely miss the lemure.
The lemure is heavily wounded.
You closely miss Pikel. The lemure hits you but does no damage.
Pikel hits you with a +1 whip of freezing.
Pikel freezes you. The lemure barely misses you.
Pikel hits you with a +1 whip of freezing!
You die...

............###...........#####..
.............##...........#######
.............##########..........
##...........#### ####...........
#..............###..............
#..........###.)#..###..........
#..........# ##[#.## ###########
#..........# #K55# ############
#@### #.# #.# ####.# #....#
#.##### #.#<).# #.#.#.# #.#.#.#


You could see Pikel and 2 lemures.

Vanquished Creatures
  A lemure (D:4)
  An orc priest (D:4)
  2 orc wizards (D:4)
  4 gnolls (D:4)
  5 adders
  An ufetubus (D:4)
  A dart slug (D:4)
  8 orcs
  7 endoplasms
  4 giant cockroaches
  7 goblins
  5 hobgoblins
  4 jackals (D:1)
  5 quokkas
  4 ball pythons
  8 bats
  A frilled lizard (D:1)
  5 kobolds
  7 rats
80 creatures vanquished.

Notes
Turn   | Place    | Note
-------+----------+-------------------------------------------
     0 | D:1      | qw the Gargoyle Fighter began the quest for the Orb.
     0 | D:1      | Reached XP level 1. HP: 14/14 MP: 1/1
     0 | D:1      | 0 ||| qw: Version: 0.2-a-102-gdf20003
     0 | D:1      | 0 ||| qw: Game counter: 745
     0 | D:1      | 0 ||| qw: Always use a shield: true
     0 | D:1      | 0 ||| qw: God list: Okawaru
     0 | D:1      | 0 ||| qw: Allow faded altars: false
     0 | D:1      | 0 ||| qw: Do Orc after D:15 true
     0 | D:1      | 0 ||| qw: Do second Lair branch before Depths: true
     0 | D:1      | 0 ||| qw: Lair rune preference: random
     0 | D:1      | 0 ||| qw: Plans: Normal, Zot:1-4, Slime:5, God:TSO, Crypt,
                  | Tomb, Pan, Hells, Abyss, Win
     0 | D:1      | 0 ||| PLANNING D:1-11
    55 | D:1      | Reached skill level 2 in Axes
    68 | D:1      | Reached XP level 2. HP: 17/19 MP: 2/2
   203 | D:1      | 203 ||| Stepping ~*~*~tactically~*~*~ (hiding).
   241 | D:1      | 241 ||| Stepping ~*~*~tactically~*~*~ (stealth).
   244 | D:1      | 244 ||| DROPPING +0 club.
   245 | D:1      | 245 ||| Stepping ~*~*~tactically~*~*~ (stealth).
   276 | D:1      | Reached skill level 3 in Axes
   299 | D:1      | Reached XP level 3. HP: 23/23 MP: 3/3
   342 | D:1      | 342 ||| Stepping ~*~*~tactically~*~*~ (hiding).
   636 | D:1      | 636 ||| UPGRADING to +0 chain mail.
   646 | D:1      | 646 ||| DROPPING +0 scale mail.
   647 | D:1      | 647 ||| UPGRADING to +0 pair of gloves.
   652 | D:1      | 652 ||| DROPPING ring of magical power.
   653 | D:1      | 653 ||| READING scroll labelled KUPLOA HUNTY.
   654 | D:1      | 654 ||| READING scroll labelled XIACZIVVARCH.
   655 | D:1      | 655 ||| READING scroll labelled BUECEI OHEUWN.
   745 | D:2      | Found a radiant altar of Vehumet.
   985 | D:2      | Reached XP level 4. HP: 28/28 MP: 4/4
  1062 | D:2      | Reached skill level 4 in Axes
  1131 | D:2      | 1131 ||| READING scroll labelled FAFEZEI OXTU.
  1135 | D:2      | 1135 ||| READING 3 scrolls of identify.
  1135 | D:2      | 1135 ||| IDENTIFYING ruby potion
  1136 | D:2      | 1136 ||| READING 2 scrolls of identify.
  1136 | D:2      | 1136 ||| IDENTIFYING green potion
  1137 | D:2      | 1137 ||| DROPPING potion of invisibility.
  1321 | D:3      | Found an ancient bone altar of Kikubaaqudgha.
  1658 | D:3      | 1658 ||| Stepping ~*~*~tactically~*~*~ (stealth).
  1771 | D:3      | Found a hide-covered altar of Uskayaw.
  1929 | D:3      | 1929 ||| UPGRADING to ring of positive energy.
  1930 | D:3      | 1930 ||| READING scroll labelled DIMNIW GYTIUT.
  1931 | D:3      | 1931 ||| READING scroll labelled GICAHAMNUVOK.
  1932 | D:3      | 1932 ||| DRINKING 3 emerald potions.
  1933 | D:3      | 1933 ||| DRINKING 3 amethyst potions.
  1934 | D:3      | 1934 ||| READING 2 scrolls of identify.
  1934 | D:3      | 1934 ||| IDENTIFYING purple potion
  1935 | D:3      | 1935 ||| DROPPING potion of magic.
  1963 | D:4      | 1963 ||| DROPPING +0 whip.
  1981 | D:4      | 1981 ||| DRINKING 2 potions of curing.
  1981 | D:4      | 1981 ||| (to cure confusion)
  1984 | D:4      | Reached XP level 5. HP: 26/32 MP: 5/5
  2037 | D:4      | Reached skill level 5 in Axes
  2083 | D:4      | 2083 ||| Stepping ~*~*~tactically~*~*~ (hiding).
  2103 | D:4      | HP: 2/33 [orc priest/divine providence (11)]
  2104 | D:4      | 2104 ||| DRINKING potion of heal wounds.
  2106 | D:4      | Reached XP level 6. HP: 11/38 MP: 6/6
  2545 | D:4      | 2545 ||| UPGRADING to +0 cloak.
  2550 | D:4      | 2550 ||| READING scroll labelled NILICRAPNE.
  2669 | D:5      | Entered Level 5 of the Dungeon
  2669 | D:5      | Noticed Pikel
  2669 | D:5      | Found Kostu's Book Shop.
  2673 | D:5      | 2673 ||| STAIRDANCE
  2680 | D:4      | HP: 9/38 [Pikel/+1 whip of freezing (3)]
  2680 | D:4      | Slain by Pikel

Levels and vault maps discovered:
D:1:      minmay_arrival_loop, layout_basic, amethyst_killhole
D:2:      layout_rooms, basic_altar, kennysheep_generic_room_2
D:3:      layout_loops_ring, mainiacjoe_overflow_24_doors,
          nicolae_kikubaaqudgha_miasma_corner, grunt_ministairs_8
D:4:      layout_basic
D:5:      layout_cave_pools, mainiacjoe_overflow_small_starburst,
          minmay_temple_entry_from_below_a, serial_shops, shop, st_stairs_4,
          uniq_prince_ribbit1, uniq_pikel, uniq_crazy_yiuf_cottage,
          uniq_blork_the_orc

Skill      XL: |  1  2  3  4  5 |
---------------+----------------+-----
Axes           | 2 3 4 5 |  5.2
Fighting       | 4 |  4.3
Armour         | |  3.2
Shields        | |  3.2

Action                     |  1- 3 |  4- 6 || total
---------------------------+-------+-------++-------
  Melee: War axe           |   121 |   110 ||   231
    Use: Scroll            |     3 |     7 ||    10
         Potion            |       |     4 ||     4
 Armour: Scale mail        |    42 |       ||    42
         Chain mail        |    28 |    80 ||   108
  Dodge: Dodged            |    56 |    44 ||   100
  Block: Buckler           |    25 |    32 ||    57

Table legend:
 A = Non-vault XP
 B = Vault XP
 C = Vault XP percentage of total XP
 D = Non-vault monster count
 E = Vault monster count
 F = Vault count percentage of total count
                 A         B        C        D         E       F
            +---------+---------+-------+---------+---------+-------
      Total |     355 |       5 |   1.4 |      76 |       3 |   3.8
            +---------+---------+-------+---------+---------+-------
        D:1 |      52 |       0 |   0.0 |      33 |       0 |   0.0
        D:2 |      46 |       3 |   6.1 |      14 |       2 |  12.5
        D:3 |      26 |       2 |   7.1 |       8 |       1 |  11.1
        D:4 |     231 |       0 |   0.0 |      21 |       0 |   0.0
            +---------+---------+-------+---------+---------+-------
